AoeStats
← Taylor

Coastal Forest

503257895Analyzed
3v3 RM · 1mo ago on Aug 30, 2026· 22m 24s· 6 players
Game mode
Random Map
Map size
Normal (6 player)
Population
200
Speed
Normal
Resources
Standard
Victory
Conquest
Starting age
Dark Age
Ending age
Imperial Age
RankedLock teamsTeams togetherTeam positionsShared explorationLock speedFull tech treeHidden civsTurbo modeCheats
Victory
Defeat
🇺🇸 Poles · United States
1020
+15
🇺🇸 Koreans · United States
1008
+15
🇺🇸 Ethiopians · United States
999
+15
🇦🇷 Ethiopians · Argentina
1042
-18
🇺🇸 Chinese · United States
992
-15
🇨🇱 Maya · Chile
930
-12
cK5pl
1:44 Loom
10:41 Feudal Age
11:06 Double-Bit Axe
21:27 Horse Collar
jabbler
0:31 Loom
11:30 Feudal Age
14:29 Horse Collar
16:40 Double-Bit Axe
22:20 Castle Age
21:04 Fletching
Jweli
0:27 Loom
10:50 Feudal Age
11:21 Double-Bit Axe
21:12 Castle Age
21:31 Gold Mining
21:22 Horse Collar
22:24 Crossbowman
Taylor
11:29 Feudal Age
12:37 Town Watch
13:33 Wheelbarrow
13:00 Horse Collar
16:14 Double-Bit Axe
20:44 Man-at-Arms
21:17 Fletching
21:38 Forging
Paint
4:08 Loom
10:35 Feudal Age
12:02 Fletching
12:21 Double-Bit Axe
12:47 Padded Archer Armor
14:48 Town Watch
20:08 Horse Collar
24:42 Castle Age
Huidaveloz
0:43 Loom
12:44 Feudal Age
14:21 Town Watch
17:43 Castle Age
15:34 Double-Bit Axe
15:32 Horse Collar
Connection lost

Rejoining the realm…

Still unreachable

The connection could not be restored.

Session expired

The server has moved on; the page needs a fresh start.